 Dungeon Crawl Stone Soup version 0.29-a0-542-g075992c915 (webtiles) character file.

Game seed: 2944901063020695729

4 oldriver the Sneak (level 1, 0/19 HPs)
             Began as a Palentonga Delver on June 4, 2022.
             Succumbed to an adder's poison
             ... on level 2 of the Dungeon.
             The game lasted 00:00:37 (504 turns).

oldriver the Sneak (Palentonga Delver)               Turns: 504, Time: 00:00:37

Health: 0/19       AC:  4    Str: 14 (15) XL:     1   Next: 58%
Magic:  1/1        EV:  9    Int:  8 (10) God:
Gold:   16         SH:  0    Dex:  8 (11) Spells: 0/0 levels left

rFire   . . .      SeeInvis +   a - +0 hand axe
rCold   . . .      Faith    .   (no shield)
rNeg    . . .      Spirit   .   b - +0 leather armour
rPois   .          Reflect  .   (no helmet)
rElec   .          Harm     .   (no cloak)
rCorr   .          Rampage  .   (no gloves)
Will    .....                   (no barding)
Stlth   ++........              (no amulet)
HPRegen 0.06/turn               (no ring)
MPRegen 0.07/turn               (no ring)

@: lethally poisoned (0 -> -3)
A: large, rugged brown scales 3, see invisible, deformed body, roll 1, armoured
tail
a: Rolling Charge


You were on level 2 of the Dungeon.
You visited 1 branch of the dungeon, and saw 4 of its levels.

You collected 16 gold pieces.

Inventory:

Hand Weapons
 a - a +0 hand axe (weapon)
Armour
 b - a +0 leather armour (worn)
Wands
 g - a wand of digging (3)
Scrolls
 c - a scroll of fog
 d - a scroll of magic mapping
Potions
 f - a potion of haste


   Skills:
 * Level 3.3 Fighting
 - Level 2.0 Axes
 - Level 1.5 Dodging
 - Level 3.3 Stealth


You couldn't memorise any spells.
You didn't know any spells.
Your spell library was empty.

Dungeon Overview and Level Annotations

Branches:
Dungeon (5/15)
 Temple: D:4-7

Altars:
Kikubaaqudgha

Shops:
D:3 =

Annotations:
D:5 1 transporter


Innate Abilities, Weirdness & Mutations

You are completely covered in rugged brown scales. (AC +3, +7% HP)
You have supernaturally acute eyesight. (SInv)
Armour fits poorly on your strangely shaped body.
You can roll at nearby foes to attack.
You have a long armoured tail.


Message History

The orc shouts!
An orc is nearby!
You roll forward with a clatter of scales!
You hit the orc. You tail-slap the orc.
You kill the orc!
Things that are here:
a +0 whip; a +0 leather armour; an orc corpse An adder comes into view.
Found 16 stones.
The adder hisses angrily.
An adder is nearby!
An adder is nearby!
You roll forward with a clatter of scales!
Found a puce potion.
You closely miss the adder.
Your tail-slap misses the adder.
The adder closely misses you. The adder misses you.
You barely miss the adder. Your punch misses the adder.
The adder barely misses you.
You hit the adder.
The adder is moderately wounded.
The adder bites you.
You are poisoned.
The adder poisons you! The adder bites you.
You hit the adder.
The adder is severely wounded.
You feel sick. The adder closely misses you.
You miss the adder.
Your tail-slap misses the adder.
The adder is severely wounded.
You feel sick. The adder bites you. x2
* * * LOW HITPOINT WARNING * * *
You hit the adder. Your punch misses the adder.
The adder is almost dead.
* * * LOW HITPOINT WARNING * * *
You feel sick. The adder bites you.
* * * LOW HITPOINT WARNING * * *
Unknown command.
It was a potion of degeneration.
There was something very wrong with that liquid.
You feel weakened.
You feel dopey.
You feel clumsy.
You die...

#. ### #..###.... ..#
## #...#...#. #.# ..
.(......#.##.#
.##....... ..#.#
......#.# #.#.#
..#.##.###.#.# #.
#S#.##.......#####
#..##@#.##.)...>......
##.......##.####.####..
#............# #.####..
#.#.##.####### #.##....
# ... #.##.#.. ###.
#.##>#.. #. #....... !.
####.### #.#


You could see an adder.

Vanquished Creatures
  An orc (D:2)
  An endoplasm (D:3)
  A kobold (D:3)
3 creatures vanquished.

Notes
Turn   | Place    | Note
-------+----------+-------------------------------------------
     0 | D:5      | oldriver the Palentonga Delver began the quest for the Orb.
     0 | D:5      | Reached XP level 1. HP: 19/19 MP: 1/1
     1 | D:5      | Noticed an orc priest
     4 | D:5      | Found a transporter.
    48 | D:5      | Noticed a hound
    49 | D:5      | Noticed an iguana
    51 | D:5      | Noticed an orc priest
    65 | D:4      | Found an ancient bone altar of Kikubaaqudgha.
   457 | D:3      | Found Nuuzao Getre's Jewellery Boutique.
   504 | D:2      | Succumbed to an adder's poison

Illustrated notes

Levels and vault maps discovered:
D:2:      layout_loops_cross, chequers_serial_rivers_small_b,
          minmay_fountain_box, serial_bayou_pond_a, minmay_misc_feat_five
D:3:      layout_basic, serial_shops, nicolae_shop_behind_doors,
          palyth_stone_intersect, kennysheep_doodads, grunt_decor_clamped,
          minmay_misc_feat_nine_boxes
D:4:      layout_basic, nicolae_kikubaaqudgha_miasma_corner, st_stairs_13,
          uniq_crazy_yiuf_cottage, uniq_pikel, uniq_sigmund
D:5:      gammafunk_wand_slinger, layout_cave_pools,
          ebering_ghost_reflecting_pool

Action                   || total
-------------------------++-------
Melee: Hand axe          ||    12
       Tailslap          ||     1
 Abil: Rolling Charge    ||     3
  Use: Scroll            ||     1
       Potion            ||     1
Armor: Leather armour    ||     1
Dodge: Dodged            ||     8

Table legend: (Time is in decaauts)
 A = Elapsed time spent in this place.
 B = Non-inter-level travel time spent in this place.
 C = Inter-level travel time spent in this place.
 D = Time resting spent in this place.
 E = Time spent auto-exploring this place.
 F = Levels seen in this place.
 G = Mean time per level.
                   A        B        C        D        E       F      G
               +--------+--------+--------+--------+--------+-----+--------+
         Total |    505 |    505 |      0 |    318 |     79 |   4 |  126.2 |
       Dungeon |    505 |    505 |      0 |    318 |     79 |   4 |  126.2 |
               +--------+--------+--------+--------+--------+-----+--------+

Top non-repeatable levels by time:
     D:3: 397 daAuts
     D:5: 54 daAuts
     D:2: 38 daAuts
     D:4: 15 daAuts
